 Dungeon Crawl Stone Soup version 0.19.1 (webtiles) character file.

1406 sveltemanboy the Basher (level 8, 0/46 HPs)
             Began as a Gargoyle Monk on Dec 22, 2016.
             Was an Elder of Okawaru.
             Slain by an orc
             ... wielding a +0 flail
              (3 damage)
             ... on level 6 of the Dungeon.
             The game lasted 00:12:04 (5446 turns).

sveltemanboy the Basher (Gargoyle Monk)             Turns: 5446, Time: 00:12:04

Health: 0/46       AC: 11    Str: 17    XL:     8   Next: 70%
Magic:  10/10      EV: 17    Int: 13    God:    Okawaru [****..]
Gold:   259        SH:  0    Dex: 17    Spells: 0 memorised, 7 levels left

rFire  . . .     SeeInvis .     k - +0 morningstar
rCold  . . .     Gourm    .     h - +1 ring mail
rNeg   + . .     Faith    .     (no shield)
rPois  ∞         Spirit   .     (no helmet)
rElec  +         Reflect  .     (no cloak)
rCorr  +         Harm     .     (no gloves)
MR     .....                    (no boots)
Stlth  +++.......               (no amulet)
                                m - +2 ring of intelligence
                                e - ring of resist corrosion

@: agile, very slightly contaminated, invisible
A: negative energy resistance 1, electricity resistance, unbreathing,
petrification resistance, rot immunity, AC +5
a: Heroism, Renounce Religion


You were on level 6 of the Dungeon.
You worshipped Okawaru.
Okawaru was greatly pleased with you.
You were not hungry.

You visited 1 branch of the dungeon, and saw 6 of its levels.

You collected 259 gold pieces.

Inventory:

Hand Weapons
 k - a +0 morningstar (weapon)
Missiles
 z - a throwing net (quivered)
Armour
 h - a +1 ring mail (worn)
Jewellery
 e - a ring of resist corrosion (left hand)
 m - a +2 ring of intelligence (right hand)
Wands
 l - a wand of iceblast (11/15)
Scrolls
 b - a scroll of teleportation
 d - a scroll of immolation
 f - 5 scrolls of identify
 g - a scroll of amnesia
 o - a scroll of blinking
 r - a scroll of magic mapping
Potions
 v - a potion of resistance
Comestibles
 a - a slice of pizza
 c - 4 bread rations
 j - a beef jerky
 u - 2 meat rations


   Skills:
 - Level 3.2 Fighting
 * Level 10.2 Maces & Flails
 - Level 2.0 Armour
 - Level 2.4 Dodging
 - Level 2.1 Stealth
 - Level 3.0 Invocations


You had 7 spell levels left.
You didn't know any spells.

Dungeon Overview and Level Annotations

Branches:
Dungeon (6/15)
 Temple: D:4-7

Altars:
Elyvilon
Makhleb
Nemelex Xobeh
Okawaru
Qazlal
The Shining One


Innate Abilities, Weirdness & Mutations

You are resistant to torment.
Your stone body is resilient. (AC +5)
You are immune to poison.
You resist negative energy. (rN+)
You are resistant to electric shocks. (rElec)
You can survive without breathing.
You are immune to petrification.
You are immune to rotting.


Message History

You strike the helpless orc warrior from behind!
You thump the orc warrior!
You kill the orc warrior!
Okawaru accepts your kill.
Your Maces & Flails skill increases to level 10!
You closely miss the orc wizard. The orc wizard misses you.
You sock the orc wizard!
The orc wizard is severely wounded.
The orc wizard barely misses you.
You catch the helpless orc wizard completely off-guard!
You thump the orc wizard!
You kill the orc wizard!
Okawaru accepts your kill.
The orc priest mumbles some strange prayers to Beogh against you.
Pain shoots through your body!
* * * LOW HITPOINT WARNING * * *
The orc misses you.
You hit the orc but do no damage. You hit the orc but do no damage.
The orc hits you with a flail.
You die...

######..# .
#.......# .#######
#.###...# .....(##
#.# #.#.#
##.....###.# #.#.#
.##.......##.# #.#.#
.............# #.#.#
#.....(..#).# #.#.#
#.#.....##..# #@#.#
#.#.........###o#.#
##.....[..o..o..o..#
.....)....#.########
##.#.######.# ##.#.#
#.# ...o.# #.#
.....# #.# .....####
#.#


You could see an orc priest and an orc.

Vanquished Creatures
  The ghost of Philosophy the Archer, an amateur CeHu (D:4)
  Sigmund (D:2)
  An orc warrior (D:6)
  An ogre (D:5)
  A centaur (D:5)
  A bullfrog (D:6)
  A scorpion (D:4)
  A howler monkey (D:5)
  4 wights (D:6)
  A crimson imp (D:6)
  A bullfrog zombie (D:5)
  A centaur skeleton (D:4)
  2 hounds
  3 orc wizards
  Ijyb (D:2)
  3 gnolls (D:4)
  3 adders
  A howler monkey skeleton (D:6)
  A shadow imp (D:5)
  2 oozes
  A worm (D:3)
  A dart slug (D:1)
  2 leopard geckos
  18 orcs
  A giant cockroach (D:2)
  8 goblins
  14 hobgoblins
  2 jackals (D:2)
  6 quokkas
  A ball python (D:4)
  11 bats
  7 frilled lizards
  10 kobolds
  A leopard gecko zombie (D:5)
  9 rats
123 creatures vanquished.

Notes
Turn   | Place    | Note
-------+----------+-------------------------------------------
     0 | D:1      | sveltemanboy the Gargoyle Monk began the quest for the Orb.
     0 | D:1      | Reached XP level 1. HP: 14/14 MP: 1/1
   166 | D:1      | Reached skill level 1 in Armour
   166 | D:1      | Reached XP level 2. HP: 2/19 MP: 2/2
   773 | D:1      | Reached XP level 3. HP: 23/23 MP: 3/3
  1259 | D:2      | Found a sparkling altar of Nemelex Xobeh.
  1279 | D:2      | Reached skill level 4 in Maces & Flails
  1296 | D:2      | Found an iron altar of Okawaru.
  1306 | D:2      | Became a worshipper of Warmaster Okawaru
  1306 | D:2      | Reached * piety under Okawaru
  1306 | D:2      | Reached ** piety under Okawaru
  1307 | D:2      | Noticed Sigmund
  1371 | D:2      | Noticed Ijyb
  1405 | D:2      | Killed Ijyb
  1405 | D:2      | Reached XP level 4. HP: 14/28 MP: 4/4
  1954 | D:2      | Killed Sigmund
  1954 | D:2      | Reached skill level 6 in Maces & Flails
  1954 | D:2      | Reached XP level 5. HP: 24/32 MP: 3/5
  1954 | D:2      | Reached XP level 6. HP: 28/37 MP: 3/6
  2461 | D:3      | Found a stormy altar of Qazlal.
  3321 | D:4      | Reached skill level 1 in Invocations
  3521 | D:4      | Noticed Philosophy's ghost (amateur CeHu)
  3558 | D:4      | Gained mutation: You have a somewhat thin skeletal structure. (Dex +2, Stealth) [potion of mutation]
  3558 | D:4      | Gained mutation: You have an increased reservoir of magic. (+10% MP) [potion of mutation]
  3558 | D:4      | Gained mutation: You are frail. (-10% HP) [potion of mutation]
  3558 | D:4      | HP: 1/33 [Philosophy's ghost (3)]
  3566 | D:4      | Killed Philosophy's ghost
  3566 | D:4      | Reached *** piety under Okawaru
  3566 | D:4      | Reached skill level 7 in Maces & Flails
  3566 | D:4      | Reached XP level 7. HP: 16/36 MP: 7/9
  4129 | D:4      | Reached skill level 8 in Maces & Flails
  4475 | D:5      | Entered Level 5 of the Dungeon
  4572 | D:5      | Found a white marble altar of Elyvilon.
  4739 | D:5      | Reached XP level 8. HP: 41/41 MP: 11/11
  4743 | D:5      | Lost mutation: You have an increased reservoir of magic. (+10% MP) [potion of mutation]
  4743 | D:5      | Gained mutation: Your muscles are strong. (Str +2) [potion of mutation]
  4743 | D:5      | Gained mutation: You possess an exceptional clarity of mind. [potion of mutation]
  4744 | D:5      | Lost mutation: Your muscles are strong. (Str +2) [potion of cure mutation]
  4744 | D:5      | Lost mutation: You have a somewhat thin skeletal structure. (Dex +2, Stealth) [potion of cure mutation]
  4744 | D:5      | Lost mutation: You possess an exceptional clarity of mind. [potion of cure mutation]
  4744 | D:5      | Lost mutation: You are frail. (-10% HP) [potion of cure mutation]
  4949 | D:5      | Reached skill level 9 in Maces & Flails
  5036 | D:5      | Found a burning altar of Makhleb.
  5169 | D:6      | Reached **** piety under Okawaru
  5227 | D:6      | Found a white marble altar of Elyvilon.
  5228 | D:6      | Found a glowing golden altar of the Shining One.
  5441 | D:6      | Reached skill level 10 in Maces & Flails
  5446 | D:6      | Slain by an orc

Skill      XL: |  1  2  3  4  5  6  7  8 |
---------------+-------------------------+-----
Armour         | 1 2 |  2.0
Maces & Flails | 4 6 7 8 10 | 10.2
Invocations    | 2 3 |  3.0
Fighting       | |  3.2
Dodging        | |  2.4
Stealth        | |  2.1

Action                   |  1- 3 |  4- 6 |  7- 9 || total
-------------------------+-------+-------+-------++-------
Melee: Mace              |   135 |   132 |       ||   267
       Punch             |       |     2 |       ||     2
       Flail             |       |    67 |   128 ||   195
       Morningstar       |       |       |    53 ||    53
Invok: Heroism           |       |     3 |       ||     3
  Use: Potion            |       |     6 |     4 ||    10
       Scroll            |       |       |    13 ||    13
 Stab: Sleeping          |     4 |     2 |     1 ||     7
       Invisible         |       |       |     2 ||     2
  Eat: Chunk             |     2 |     7 |     6 ||    15
Armor: Robe              |    11 |       |       ||    11
       Leather armour    |     1 |       |       ||     1
       Ring mail         |    34 |    97 |    64 ||   195
Dodge: Dodged            |    84 |   118 |    84 ||   286
